 Dungeon Crawl Stone Soup version 0.29.0-15-g675c0067aa (webtiles) character file.

Game seed: 1313634951035917825

15946 qw the Severer (level 12, -5/106 HPs)
             Began as a Minotaur Berserker on Sept 12, 2022.
             Was an Elder of Trog.
             Slain by an orc knight
             ... wielding a +2 great mace
              (17 damage)
             ... on level 10 of the Dungeon.
             The game lasted 00:04:33 (11929 turns).

qw the Severer (Minotaur Berserker)                Turns: 11929, Time: 00:04:34

Health: -5/106     AC: 27    Str: 26    XL:     12   Next: 5%
Magic:  11/11      EV:  7    Int:  3    God:    Trog [****..]
Gold:   330        SH: 11    Dex: 11    Spells: 11/11 levels left

rFire   . . .      SeeInvis .   p - +1 war axe
rCold   . . .      Faith    .   b - +0 kite shield
rNeg    + . .      Spirit   .   o - +1 plate armour
rPois   +          Reflect  .   r - +2 hat
rElec   .          Harm     .   s - +2 ratskin cloak {*Rats rPois rN+ Str-1 Int-1 Dex+1}
rCorr   .          Rampage  .   g - +2 pair of gloves
Will    .....                   (no boots)
Stlth   ..........              (no amulet)
HPRegen 0.27/turn               f - +4 ring of slaying {mikee}
MPRegen 0.12/turn               d - +4 ring of protection

@: no status effects
A: horns 2, retaliatory headbutt
a: Renounce Religion, Berserk, Trog's Hand, Brothers in Arms


You were on level 10 of the Dungeon.
You worshipped Trog.
Trog was greatly pleased with you.
You visited 1 branch of the dungeon, and saw 10 of its levels.
You visited the Abyss 1 time.
You also visited: Sewer.

You collected 743 gold pieces.
You spent 413 gold pieces at shops.


Innate Abilities, Weirdness & Mutations

You have a pair of horns on your head.
You reflexively headbutt those who attack you in melee.


   Skills:
 - Level 10.0 Fighting
 - Level 16.0 Axes
 - Level 2.1 Throwing
 - Level 9.0 Armour
 - Level 4.0 Dodging
 + Level 11.1 Shields


You had 11 spell levels left.
You didn't know any spells.
Your spell library was empty.

Inventory:

Hand Weapons
 p - a +1 war axe (weapon)
 t - a +0 flail
Missiles
 l - 8 boomerangs (quivered)
Armour
 b - a +0 kite shield (worn)
 g - a +2 pair of gloves (worn)
 o - a +1 plate armour (worn)
 r - a +2 hat (worn)
 s - the +2 ratskin cloak (worn) {*Rats rPois rN+ Str-1 Int-1 Dex+1}
   (You found it on level 4 of the Dungeon)

   When the wearer is hurt, rats may emerge from it to assist them.
   Str:       It affects your strength (-1).
   Int:       It affects your intelligence (-1).
   Dex:       It affects your dexterity (+1).
   rPois:     It protects you from poison.
   rN:        It protects you from negative energy.
Jewellery
 d - a +4 ring of protection (right hand)
 f - a +4 ring of slaying (left hand) {mikee}
 j - a ring of fire
Scrolls
 e - 3 scrolls of teleportation
 m - 9 scrolls of identify
 q - a scroll of brand weapon {unknown}
 u - a scroll of butterflies {unknown}
Potions
 a - 2 potions of mutation
 c - 9 potions of might
 h - 2 potions of heal wounds
 i - 5 potions of haste
 k - 7 potions of curing
 n - a potion of cancellation

Dungeon Overview and Level Annotations

Branches:
Dungeon (10/15)            Temple (0/1) D:5             Orc (0/2) D:10
  Sewer (visited)
   Lair: D:8-11

Altars:
Dithmenos
Elyvilon
Gozag
Kikubaaqudgha
Nemelex Xobeh
Trog
Uskayaw
Xom
Yredelemnul
Zin

Shops:
D:1 ((([=   D:7 ?   D:8 (!

Portals:
Abyss: D:5

Annotations:
D:3 2 transporters
D:4 2 transporters, qw's ghost, weakling GrDe
D:5 2 transporters, qw's ghost, weakling GrDe


Message History

An orc knight is nearby!
11913 ||| FLEEEEING.
Throw: 8 boomerangs
Press: ? - help, Q - select action Shift-Dir - straight line, f - orc knight You throw a boomerang.
The orc knight shouts!
The boomerang hits the orc knight.
The orc knight is lightly wounded.
Throw: 8 boomerangs
Press: ? - help, Q - select action Shift-Dir - straight line, f/p - orc knight You throw a boomerang.
The boomerang hits the orc knight!
The orc knight is lightly wounded.
Throw: 8 boomerangs
Press: ? - help, Q - select action Shift-Dir - straight line, f/p - orc knight You throw a boomerang.
The boomerang barely misses the orc knight.
Throw: 8 boomerangs
Press: ? - help, Q - select action Shift-Dir - straight line, f/p - orc knight You throw a boomerang.
The boomerang barely misses the orc knight.
Throw: 8 boomerangs
Press: ? - help, Q - select action Shift-Dir - straight line, f/p - orc knight You throw a boomerang.
The boomerang closely misses the orc knight.
The orc knight drinks a potion.
The orc knight flickers and vanishes!
Deactivating autopickup; reactivate with Ctrl-A.
You enter the shallow water.
Moving in this stuff is going to be slow.
You swing at nothing.
You hit something. You miss something. Something hits you but does no damage.
You closely miss something. Something hits you!!
You slice something!! Your headbutt misses something.
You hit something but do no damage. You headbutt something!
Something hits you!!
You hit something. You headbutt something. Something hits you!
You die...

#####################
#......P.............
#........)....)P.....
#....~~~~~~~~~~~~~~~~
#....~~~~~~~~~~~~~~~~
#....~~#####~g{~~~~~~
#....~~#gg #oo.......
#...@~~#.. #'########
#....{~### #..
#....~~~.# #..
#....~~~.# #....~~~.#
#....~~~.# #.P..~~~.#
#....~~~.# #
#....~~~.# .


There were no monsters in sight!

Vanquished Creatures
  Gastronok (D:8)
  3 two-headed ogres
  A thrashing horror (Abyss:1)
  A deep elf pyromancer (D:8)
  4 kobold demonologists
  2 ancient zymes (Abyss:1)
  A large abomination (Abyss:1)
  2 trolls (D:10)
  A hornet (D:10)
  3 raiju (Abyss:1)
  4 small abominations
  A ynoxinul (Abyss:1)
  9 yaks
  2 wyverns
  2 steam dragons (D:7)
  A chaos spawn (Abyss:1)
  2 water moccasins
  7 wargs (D:10)
  A hell hound (D:10)
  Pargi (Sewer)
  9 orc warriors
  3 ice beasts (D:6)
  A sky beast (D:8)
  3 ogres (D:5)
  A centaur (D:9)
  2 phantoms (D:5)
  6 kobold brigands
  A necrophage (D:4)
  3 gnoll sergeants
  4 bullfrogs
  2 scorpions (D:5)
  4 wights (D:7)
  5 killer bees (D:10)
  10 howler monkeys
  2 jellies
  9 orc priests
  6 hounds
  15 orc wizards
  5 iguanas
  3 gnoll boudas
  18 gnolls
  4 adders
  A white imp (D:7)
  2 worms
  3 dart slugs
  32 orcs
  6 endoplasms
  A giant cockroach (D:2)
  8 goblins
  5 hobgoblins
  5 jackals
  10 kobolds
  3 quokkas
  7 ball pythons
  7 bats
  6 frilled lizards
  7 rats
268 creatures vanquished.

Vanquished Creatures (collateral kills)
  Psyche (D:10)
  A kobold demonologist (D:10)
  A hound (D:5)
3 creatures vanquished.

Vanquished Creatures (others)
  3 plants (D:10)
3 creatures vanquished.

Grand Total: 274 creatures vanquished

Notes
Turn   | Place    | Note
-------+----------+-------------------------------------------
     0 | D:1      | qw the Minotaur Berserker began the quest for the Orb.
     0 | D:1      | Reached XP level 1. HP: 19/19 MP: 0/0
     0 | D:1      | 0 ||| qw: Version: 0.1-a-119-g272c26d
     0 | D:1      | 0 ||| qw: Game counter: 10871
     0 | D:1      | 0 ||| qw: Always use a shield: true
     0 | D:1      | 0 ||| qw: Do Orc after D:15 true
     0 | D:1      | 0 ||| qw: Do second Lair branch before Depths: true
     0 | D:1      | 0 ||| qw: Lair rune preference: random
     0 | D:1      | 0 ||| qw: Plans: Normal
     0 | D:1      | 0 ||| PLANNING D:1-11
    84 | D:1      | 84 ||| Stepping ~*~*~tactically~*~*~ (stealth).
   155 | D:1      | Reached skill level 4 in Axes
   300 | D:1      | Found a faded altar of an unknown god.
   351 | D:1      | Reached XP level 2. HP: 26/26 MP: 1/1
   372 | D:1      | Found Voudgh's Antique Weapon Emporium.
   380 | D:1      | 380 ||| SHOPLISTING mace (78 gold, have 59).
   380 | D:1      | 380 ||| SHOPLISTING whip (65 gold, have 59).
   616 | D:1      | Found Zuf Juaheba's Antique Weapon Shoppe.
   618 | D:1      | 618 ||| Stepping ~*~*~tactically~*~*~ (stealth).
   652 | D:1      | 652 ||| SHOPLISTING slimy morningstar (234 gold, have 59).
   652 | D:1      | 652 ||| SHOPLISTING whip (65 gold, have 59).
   678 | D:1      | Found Xuzu's Weapon Shop.
   684 | D:1      | 684 ||| SHOPLISTING +2 hand axe of freezing (243 gold, have
                  | 59).
   778 | D:1      | Found Vajizo's Jewellery Emporium.
   786 | D:1      | 786 ||| SHOPLISTING amulet of Aklim {rPois Regen+} (412
                  | gold, have 59).
   786 | D:1      | 786 ||| SHOPLISTING ring "Loorumug" {rC+ rCorr Str-3 Int+5
                  | Dex+6} (598 gold, have 59).
   786 | D:1      | 786 ||| SHOPLISTING ring of positive energy (200 gold, have
                  | 59).
   786 | D:1      | 786 ||| SHOPLISTING ring of see invisible (150 gold, have
                  | 59).
   786 | D:1      | 786 ||| SHOPLISTING ring of willpower (250 gold, have 59).
   793 | D:1      | Found Raopt's Antique Armour Emporium.
   802 | D:1      | 802 ||| SHOPLISTING chain mail (112 gold, have 59).
   802 | D:1      | 802 ||| SHOPLISTING pair of embroidered boots (187 gold,
                  | have 59).
   802 | D:1      | 802 ||| SHOPLISTING pair of runed boots (187 gold, have
                  | 59).
   802 | D:1      | 802 ||| SHOPLISTING runed ring mail (175 gold, have 59).
   802 | D:1      | 802 ||| SHOPLISTING scale mail (100 gold, have 59).
   865 | D:1      | 865 ||| UPGRADING to +0 leather armour.
   875 | D:1      | 875 ||| DROPPING +0 animal skin.
   876 | D:1      | 876 ||| UPGRADING to +0 ring mail.
   886 | D:1      | 886 ||| DROPPING +0 leather armour.
   887 | D:1      | 887 ||| READING scroll labelled TEZOZU NUITEXT.
   888 | D:1      | 888 ||| READING 2 scrolls labelled LOICHO DUQIA.
   889 | D:1      | 889 ||| READING scroll labelled UWNAOT DU HEA.
   890 | D:1      | 890 ||| READING scroll labelled CISHRA ZINUFEINGOGH.
  1036 | D:1      | 1036 ||| READING scroll labelled AHIENKEUWN.
  1037 | D:1      | 1037 ||| DRINKING 2 glowing emerald potions.
  1038 | D:1      | 1038 ||| DROPPING scroll of immolation.
  1261 | D:2      | Reached skill level 5 in Axes
  1261 | D:2      | Reached XP level 3. HP: 31/31 MP: 2/2
  1789 | D:2      | Reached ** piety under Trog
  1996 | D:2      | 1996 ||| UPGRADING to +0 pair of gloves.
  2001 | D:2      | 2001 ||| UPGRADING to +4 ring of slaying {mikee}.
  2002 | D:2      | 2002 ||| READING scroll labelled PINNOU CICYHEM.
  2032 | D:3      | 2032 ||| INVOKING Berserk.
  2074 | D:3      | 2074 ||| DROPPING +0 club.
  2086 | D:3      | Found a white marble altar of Elyvilon.
  2143 | D:3      | 2143 ||| Stepping ~*~*~tactically~*~*~ (hiding).
  2146 | D:3      | 2146 ||| INVOKING Berserk.
  2150 | D:3      | Reached skill level 6 in Axes
  2150 | D:3      | Reached XP level 4. HP: 36/39 MP: 3/3
  2157 | D:3      | 2157 ||| Stepping ~*~*~tactically~*~*~ (stealth).
  2158 | D:3      | 2158 ||| Stepping ~*~*~tactically~*~*~ (stealth).
  2214 | D:3      | 2214 ||| FLEEEEING.
  2215 | D:3      | 2215 ||| FLEEEEING.
  2222 | D:3      | 2222 ||| STAIRDANCE
  2256 | D:2      | 2256 ||| READING scroll labelled RUOMEO PES XAN.
  2326 | D:3      | 2326 ||| Stepping ~*~*~tactically~*~*~ (stealth).
  2440 | D:3      | Found an opulent altar of Gozag.
  2440 | D:3      | Found a shadowy altar of Dithmenos.
  2442 | D:3      | Noticed a black bear
  2442 | D:3      | Noticed a black bear
  2454 | D:3      | Found a transporter.
  2462 | D:3      | Found a transporter.
  2465 | D:3      | 2465 ||| Stepping randomly (stuck).
  2636 | D:3      | 2636 ||| INVOKING Berserk.
  2973 | D:3      | 2973 ||| READING scroll labelled FAUPACI TEUCU.
  3074 | D:3      | 3074 ||| DRINKING 2 pink potions.
  3075 | D:3      | 3075 ||| DRINKING 2 glowing brown potions.
  3076 | D:3      | 3076 ||| DROPPING potion of degeneration.
  3105 | D:4      | 3105 ||| PLANNING SEWER
  3106 | D:4      | 3106 ||| STAIRDANCE
  3121 | D:4      | 3121 ||| Stepping ~*~*~tactically~*~*~ (stealth).
  3122 | D:4      | 3122 ||| Stepping ~*~*~tactically~*~*~ (stealth).
  3123 | D:4      | 3123 ||| INVOKING Berserk.
  3125 | D:4      | Reached XP level 5. HP: 45/45 MP: 4/4
  3126 | D:4      | Reached skill level 7 in Axes
  3157 | D:4      | 3157 ||| FLEEEEING.
  3158 | D:4      | 3158 ||| FLEEEEING.
  3161 | D:4      | 3161 ||| STAIRDANCE
  3221 | D:4      | Reached XP level 6. HP: 52/52 MP: 5/5
  3396 | D:4      | Found the +2 ratskin cloak {*Rats rPois rN+ Str-1 Int-1
                  | Dex+1}
  3400 | D:4      | Found a glowing drain.
  3401 | D:4      | 3401 ||| UPGRADING to +0 scale mail.
  3407 | D:4      | Reached skill level 8 in Axes
  3420 | D:4      | 3420 ||| UPGRADING to +0 ring mail.
  3425 | D:4      | 3425 ||| UPGRADING to +0 scale mail.
  3435 | D:4      | 3435 ||| DROPPING +0 ring mail.
  3436 | D:4      | 3436 ||| READING scroll labelled ZYCAMU MACZYS.
  3446 | Sewer    | Entered a sewer
  3478 | Sewer    | 3478 ||| Stepping ~*~*~tactically~*~*~ (water).
  3486 | Sewer    | Noticed Pargi
  3494 | Sewer    | Killed Pargi
  3565 | Sewer    | 3565 ||| Stepping ~*~*~tactically~*~*~ (water).
  3608 | Sewer    | 3608 ||| READING 2 scrolls labelled JICOTEVV QOWI.
  3609 | Sewer    | 3609 ||| DRINKING 2 emerald potions.
  3610 | Sewer    | 3610 ||| DROPPING scroll of blinking.
  3619 | D:4      | 3619 ||| PLANNING D:1-11
  3646 | D:4      | Found a transporter.
  3770 | D:4      | 3770 ||| INVOKING Berserk.
  3887 | D:4      | 3887 ||| DROPPING +0 whip.
  4052 | D:4      | Noticed qw's ghost (weakling GrDe)
  4054 | D:4      | Found a transporter.
  4068 | D:4      | 4068 ||| Stepping ~*~*~tactically~*~*~ (hiding).
  4076 | D:4      | Reached skill level 9 in Axes
  4314 | D:4      | 4314 ||| UPGRADING to +2 hat.
  4319 | D:4      | 4319 ||| UPGRADING to +2 ratskin cloak {*Rats rPois rN+
                  | Str-1 Int-1 Dex+1}.
  4324 | D:4      | 4324 ||| READING 4 scrolls of identify.
  4324 | D:4      | 4324 ||| IDENTIFYING murky black potion
  4325 | D:4      | 4325 ||| READING 3 scrolls of identify.
  4325 | D:4      | 4325 ||| IDENTIFYING clear potion
  4326 | D:4      | 4326 ||| READING 2 scrolls of identify.
  4326 | D:4      | 4326 ||| IDENTIFYING black potion
  4327 | D:4      | 4327 ||| DROPPING potion of lignification.
  4376 | D:5      | Entered Level 5 of the Dungeon
  4376 | D:5      | Found a staircase to the Ecumenical Temple.
  4413 | D:5      | Reached XP level 7. HP: 59/61 MP: 6/6
  4522 | D:5      | 4522 ||| INVOKING Berserk.
  4524 | D:5      | Reached skill level 10 in Axes
  4528 | D:5      | Reached skill level 1 in Throwing
  4666 | D:5      | Reached skill level 3 in Armour
  4875 | D:5      | Found a transporter.
  4877 | D:5      | Found a transporter.
  4888 | D:5      | Noticed qw's ghost (weakling GrDe)
  4914 | D:5      | 4914 ||| INVOKING Berserk.
  4916 | D:5      | Reached skill level 6 in Fighting
  4916 | D:5      | Reached XP level 8. HP: 71/71 MP: 7/7
  5039 | D:5      | 5039 ||| READING scroll of enchant weapon.
  5039 | D:5      | 5039 ||| ENCHANTING +1 hand axe.
  5139 | D:5      | Noticed a toenail golem
  5161 | D:5      | Found a one-way gate to the infinite horrors of the Abyss.
  5398 | D:5      | 5398 ||| INVOKING Berserk.
  5559 | D:5      | 5559 ||| SWAPPING to +6 hand axe.
  5586 | D:5      | 5586 ||| DROPPING +2 hand axe.
  5588 | D:5      | 5588 ||| UPGRADING to +6 ring of intelligence.
  5589 | D:5      | 5589 ||| UPGRADING to +4 ring of protection.
  5591 | D:5      | 5591 ||| DROPPING +6 ring of intelligence.
  5592 | D:5      | 5592 ||| READING scroll labelled ANITWI LOATOVI.
  5593 | D:5      | 5593 ||| READING 5 scrolls of identify.
  5593 | D:5      | 5593 ||| IDENTIFYING fizzy inky potion
  5594 | D:5      | 5594 ||| READING 4 scrolls of identify.
  5594 | D:5      | 5594 ||| IDENTIFYING fuming puce potion
  5595 | D:5      | 5595 ||| READING 3 scrolls of identify.
  5595 | D:5      | 5595 ||| IDENTIFYING orange potion
  5596 | D:5      | 5596 ||| DROPPING potion of magic.
  5597 | D:5      | 5597 ||| DROPPING potion of invisibility.
  5598 | D:5      | 5598 ||| DROPPING potion of brilliance.
  5715 | D:6      | 5715 ||| Stepping ~*~*~tactically~*~*~ (stealth).
  5717 | D:6      | 5717 ||| Stepping ~*~*~tactically~*~*~ (hiding).
  5726 | D:6      | 5726 ||| Stepping ~*~*~tactically~*~*~ (hiding).
  5732 | D:6      | Reached skill level 11 in Axes
  5732 | D:6      | 5732 ||| INVOKING Berserk.
  5943 | D:6      | You fall into a shaft and drop 1 floor!
  5959 | D:7      | 5959 ||| INVOKING Berserk.
  6095 | D:7      | Reached skill level 12 in Axes
  6132 | D:7      | 6132 ||| INVOKING Berserk.
  6138 | D:7      | 6138 ||| Stepping ~*~*~tactically~*~*~ (cloud).
  6147 | D:7      | 6147 ||| Stepping ~*~*~tactically~*~*~ (stealth).
  6158 | D:7      | 6158 ||| Stepping ~*~*~tactically~*~*~ (stealth).
  6262 | D:7      | 6262 ||| Stepping ~*~*~tactically~*~*~ (stealth).
  6270 | D:7      | 6270 ||| Stepping ~*~*~tactically~*~*~ (stealth).
  6292 | D:7      | 6292 ||| Stepping ~*~*~tactically~*~*~ (stealth).
  6336 | D:7      | 6336 ||| Stepping ~*~*~tactically~*~*~ (stealth).
  6338 | D:7      | 6338 ||| Stepping ~*~*~tactically~*~*~ (stealth).
  6347 | D:7      | Reached *** piety under Trog
  6396 | D:7      | 6396 ||| READING scroll labelled LETUBA XYIBRI.
  6407 | D:6      | Reached skill level 3 in Dodging
  6455 | D:6      | Reached XP level 9. HP: 79/79 MP: 8/8
  6507 | D:6      | 6507 ||| Stepping ~*~*~tactically~*~*~ (stealth).
  6592 | D:6      | Found an ancient bone altar of Kikubaaqudgha.
  6907 | D:6      | 6907 ||| INVOKING Berserk.
  7133 | D:6      | 7133 ||| SWAPPING to +0 war axe.
  7134 | D:6      | 7134 ||| DROPPING +6 hand axe.
  7135 | D:6      | 7135 ||| UPGRADING to +0 kite shield.
  7140 | D:6      | 7140 ||| READING 4 scrolls of identify.
  7140 | D:6      | 7140 ||| IDENTIFYING smoky sapphire potion
  7141 | D:6      | 7141 ||| DROPPING potion of attraction.
  7229 | D:7      | Found Imianyh's Magic Scroll Emporium.
  7232 | D:7      | 7232 ||| BUYING 2 scrolls of enchant armour (165 gold).
  7232 | D:7      | Bought 2 scrolls of enchant armour for 165 gold pieces
  7232 | D:7      | 7232 ||| BUYING scroll of enchant weapon (82 gold).
  7232 | D:7      | Bought a scroll of enchant weapon for 82 gold pieces
  7232 | D:7      | 7232 ||| BUYING scroll of identify (22 gold).
  7232 | D:7      | Bought a scroll of identify for 22 gold pieces
  7232 | D:7      | 7232 ||| BUYING scroll of identify (22 gold).
  7232 | D:7      | Bought a scroll of identify for 22 gold pieces
  7232 | D:7      | 7232 ||| BUYING scroll of identify (22 gold).
  7232 | D:7      | Bought a scroll of identify for 22 gold pieces
  7232 | D:7      | 7232 ||| BUYING scroll of identify (22 gold).
  7232 | D:7      | Bought a scroll of identify for 22 gold pieces
  7232 | D:7      | 7232 ||| BUYING scroll of teleportation (33 gold).
  7232 | D:7      | Bought a scroll of teleportation for 33 gold pieces
  7232 | D:7      | 7232 ||| READING 3 scrolls of enchant armour.
  7232 | D:7      | 7232 ||| ENCHANTING +0 pair of gloves.
  7233 | D:7      | 7233 ||| READING 2 scrolls of enchant armour.
  7233 | D:7      | 7233 ||| ENCHANTING +1 pair of gloves.
  7234 | D:7      | 7234 ||| READING scroll of enchant weapon.
  7234 | D:7      | 7234 ||| ENCHANTING +0 war axe.
  7347 | D:7      | 7347 ||| Stepping ~*~*~tactically~*~*~ (stealth).
  7349 | D:7      | 7349 ||| Stepping ~*~*~tactically~*~*~ (stealth).
  7352 | D:7      | 7352 ||| Stepping ~*~*~tactically~*~*~ (hiding).
  7360 | D:7      | 7360 ||| Stepping ~*~*~tactically~*~*~ (stealth).
  7365 | D:7      | 7365 ||| Stepping ~*~*~tactically~*~*~ (stealth).
  7369 | D:7      | Reached skill level 3 in Shields
  7443 | D:7      | 7443 ||| Stepping ~*~*~tactically~*~*~ (stealth).
  7575 | D:7      | 7575 ||| DROPPING ring of resist corrosion.
  7576 | D:7      | 7576 ||| READING 7 scrolls of identify.
  7576 | D:7      | 7576 ||| IDENTIFYING blue potion
  7577 | D:7      | 7577 ||| DROPPING potion of berserk rage.
  7585 | D:8      | 7585 ||| STAIRDANCE
  7587 | D:7      | 7587 ||| DRINKING 6 potions of curing.
  7587 | D:7      | 7587 ||| (to cure confusion)
  7590 | D:8      | Noticed a deep elf pyromancer
  7591 | D:8      | 7591 ||| STAIRDANCE
  7593 | D:7      | 7593 ||| INVOKING Berserk.
  7712 | D:7      | 7712 ||| UPGRADING to +0 chain mail.
  7722 | D:7      | 7722 ||| DROPPING +0 scale mail.
  7726 | D:8      | 7726 ||| STAIRDANCE
  7738 | D:8      | 7738 ||| STAIRDANCE
  7820 | D:8      | 7820 ||| Stepping ~*~*~tactically~*~*~ (hiding).
  7827 | D:8      | Killed a deep elf pyromancer
  7855 | D:8      | Found a glowing silver altar of Zin.
  7944 | D:8      | 7944 ||| Stepping ~*~*~tactically~*~*~ (stealth).
  8012 | D:8      | Found Ontuarhue's Antique Weapon Shoppe.
  8180 | D:8      | 8180 ||| SHOPLISTING +8 whip "Snakebite" {venom, curare,
                  | rPois} (2113 gold, have 59).
  8180 | D:8      | 8180 ||| SHOPLISTING glowing mace (234 gold, have 59).
  8180 | D:8      | 8180 ||| SHOPLISTING runed war axe (253 gold, have 59).
  8254 | D:8      | Noticed Gastronok
  8255 | D:8      | 8255 ||| Stepping ~*~*~tactically~*~*~ (hiding).
  8258 | D:8      | 8258 ||| INVOKING Berserk.
  8266 | D:8      | Killed Gastronok
  8267 | D:8      | Reached XP level 10. HP: 86/86 MP: 9/9
  8425 | D:8      | Found Suinich's Distillery.
  8428 | D:8      | 8428 ||| BUYING potion of curing (45 gold).
  8428 | D:8      | Bought a potion of curing for 45 gold pieces
  8428 | D:8      | 8428 ||| SHOPLISTING potion of mutation (120 gold, have
                  | 26).
  8428 | D:8      | 8428 ||| SHOPLISTING potion of resistance (150 gold, have
                  | 26).
  8467 | D:8      | 8467 ||| Stepping ~*~*~tactically~*~*~ (stealth).
  8696 | D:8      | 8696 ||| UPGRADING to +0 plate armour.
  8706 | D:8      | 8706 ||| DROPPING +0 chain mail.
  8707 | D:8      | 8707 ||| READING scroll of enchant armour.
  8707 | D:8      | 8707 ||| ENCHANTING +0 plate armour.
  8743 | D:9      | 8743 ||| Stepping ~*~*~tactically~*~*~ (stealth).
  8746 | D:9      | 8746 ||| Stepping ~*~*~tactically~*~*~ (stealth).
  8747 | D:9      | 8747 ||| Stepping ~*~*~tactically~*~*~ (stealth).
  8748 | D:9      | 8748 ||| Stepping ~*~*~tactically~*~*~ (stealth).
  8752 | D:9      | Reached skill level 9 in Shields
  8757 | D:9      | Reached skill level 13 in Axes
  8935 | D:9      | Found a shimmering altar of Xom.
  8936 | D:9      | Found a sparkling altar of Nemelex Xobeh.
  8937 | D:9      | Found a hide-covered altar of Uskayaw.
  8988 | D:9      | Noticed a two-headed ogre
  8991 | D:9      | 8991 ||| INVOKING Berserk.
  8994 | D:9      | Killed a two-headed ogre
  9245 | D:9      | Found a bloodstained altar of Trog.
  9292 | D:9      | 9292 ||| Stepping ~*~*~tactically~*~*~ (stealth).
  9299 | D:9      | Reached skill level 14 in Axes
  9311 | D:9      | 9311 ||| Stepping ~*~*~tactically~*~*~ (hiding).
  9315 | D:9      | 9315 ||| INVOKING Berserk.
  9864 | D:10     | Entered Level 10 of the Dungeon
  9865 | D:10     | 9865 ||| Stepping ~*~*~tactically~*~*~ (hiding).
  9880 | D:10     | 9880 ||| Stepping ~*~*~tactically~*~*~ (hiding).
  9884 | D:10     | 9884 ||| Stepping ~*~*~tactically~*~*~ (stealth).
  9886 | D:10     | 9886 ||| INVOKING Berserk.
  9900 | D:10     | 9900 ||| Stepping ~*~*~tactically~*~*~ (stealth).
  9966 | D:10     | 9966 ||| Stepping ~*~*~tactically~*~*~ (stealth).
  9983 | D:10     | Reached **** piety under Trog
 10057 | D:10     | Found a staircase to the Orcish Mines.
 10121 | D:10     | Reached XP level 11. HP: 85/94 MP: 10/10
 10161 | D:10     | Found a basalt altar of Yredelemnul.
 10217 | D:10     | Noticed a two-headed ogre
 10220 | D:10     | 10220 ||| Stepping ~*~*~tactically~*~*~ (hiding).
 10221 | D:10     | 10221 ||| Stepping ~*~*~tactically~*~*~ (hiding).
 10222 | D:10     | 10222 ||| INVOKING Berserk.
 10226 | D:10     | Killed a two-headed ogre
 10420 | D:10     | 10420 ||| INVOKING Berserk.
 10429 | D:10     | Reached skill level 15 in Axes
 10527 | D:10     | Noticed Psyche
 10535 | D:10     | 10535 ||| INVOKING Berserk.
 10537 | Abyss:1  | Cast into level 1 of the Abyss (Psyche)
 10571 | Abyss:1  | 10571 ||| READING 10 scrolls of identify.
 10571 | Abyss:1  | 10571 ||| IDENTIFYING purple potion
 10626 | Abyss:1  | 10626 ||| Stepping ~*~*~tactically~*~*~ (water).
 10637 | Abyss:1  | Reached skill level 9 in Fighting
 10691 | Abyss:1  | 10691 ||| Stepping ~*~*~tactically~*~*~ (water).
 10708 | Abyss:1  | 10708 ||| Stepping ~*~*~tactically~*~*~ (stealth).
 10716 | Abyss:1  | 10716 ||| Stepping ~*~*~tactically~*~*~ (stealth).
 10730 | Abyss:1  | 10730 ||| INVOKING Berserk.
 10751 | Abyss:1  | 10751 ||| INVOKING Trog's Hand.
 10782 | Abyss:1  | Noticed a thrashing horror
 10784 | Abyss:1  | 10784 ||| Stepping ~*~*~tactically~*~*~ (water).
 10785 | Abyss:1  | 10785 ||| Stepping ~*~*~tactically~*~*~ (water).
 10792 | Abyss:1  | Killed a thrashing horror
 10793 | Abyss:1  | 10793 ||| INVOKING Trog's Hand.
 10810 | D:10     | Escaped the Abyss
 10811 | D:10     | 10811 ||| INVOKING Berserk.
 10815 | D:10     | Killed Psyche
 10816 | D:10     | Reached skill level 16 in Axes
 10867 | D:10     | 10867 ||| Stepping ~*~*~tactically~*~*~ (water).
 10900 | D:10     | 10900 ||| INVOKING Berserk.
 10929 | D:10     | HP: 23/97 [poisoned by an orange demon]
 10930 | D:10     | 10930 ||| READING 5 scrolls of teleportation.
 10931 | D:10     | 10931 ||| DRINKING 4 potions of heal wounds.
 11073 | D:10     | 11073 ||| FLEEEEING.
 11074 | D:10     | 11074 ||| FLEEEEING.
 11075 | D:10     | 11075 ||| FLEEEEING.
 11076 | D:10     | 11076 ||| FLEEEEING.
 11077 | D:10     | 11077 ||| FLEEEEING.
 11078 | D:10     | 11078 ||| FLEEEEING.
 11079 | D:10     | 11079 ||| FLEEEEING.
 11080 | D:10     | 11080 ||| FLEEEEING.
 11081 | D:10     | 11081 ||| FLEEEEING.
 11082 | D:10     | 11082 ||| FLEEEEING.
 11083 | D:10     | 11083 ||| FLEEEEING.
 11084 | D:10     | 11084 ||| FLEEEEING.
 11085 | D:10     | 11085 ||| FLEEEEING.
 11086 | D:10     | 11086 ||| FLEEEEING.
 11087 | D:10     | 11087 ||| FLEEEEING.
 11088 | D:10     | 11088 ||| FLEEEEING.
 11089 | D:10     | 11089 ||| FLEEEEING.
 11090 | D:10     | 11090 ||| FLEEEEING.
 11091 | D:10     | 11091 ||| FLEEEEING.
 11092 | D:10     | 11092 ||| FLEEEEING.
 11098 | D:10     | 11098 ||| FLEEEEING.
 11099 | D:10     | 11099 ||| FLEEEEING.
 11100 | D:10     | 11100 ||| STAIRDANCE
 11157 | D:10     | 11157 ||| STAIRDANCE
 11250 | D:10     | 11250 ||| INVOKING Berserk.
 11265 | D:10     | 11265 ||| DRINKING 8 potions of curing.
 11265 | D:10     | 11265 ||| (to cure confusion)
 11277 | D:10     | Noticed a two-headed ogre
 11289 | D:10     | Killed a two-headed ogre
 11290 | D:10     | Reached skill level 9 in Armour
 11304 | D:10     | 11304 ||| FLEEEEING.
 11304 | D:10     | Noticed an orc knight
 11305 | D:10     | 11305 ||| FLEEEEING.
 11372 | D:10     | 11372 ||| FLEEEEING.
 11373 | D:10     | 11373 ||| FLEEEEING.
 11374 | D:10     | 11374 ||| FLEEEEING.
 11375 | D:10     | 11375 ||| FLEEEEING.
 11380 | D:10     | 11380 ||| STAIRDANCE
 11560 | D:10     | Reached XP level 12. HP: 103/106 MP: 11/11
 11596 | D:10     | 11596 ||| INVOKING Berserk.
 11680 | D:10     | 11680 ||| Stepping ~*~*~tactically~*~*~ (stealth).
 11730 | D:10     | Paralysed by a kobold brigand for 3 turns
 11859 | D:10     | 11859 ||| DRINKING 8 potions of curing.
 11859 | D:10     | 11859 ||| (to cure confusion)
 11899 | D:10     | HP: 22/106 [orc priest/divine providence (11)]
 11900 | D:10     | 11900 ||| READING 4 scrolls of teleportation.
 11901 | D:10     | 11901 ||| DRINKING 3 potions of heal wounds.
 11913 | D:10     | 11913 ||| FLEEEEING.
 11928 | D:10     | HP: 12/106 [something (20)]
 11929 | D:10     | Slain by an orc knight

Levels and vault maps discovered:
D:1:      lemuel_arrival_hallway, layout_basic, basic_ecumenical_altar,
          serial_shops, shop, shop, shop, nicolae_shop_overgrown_old_shop,
          nicolae_shop_temple_entry_statues_fountains
D:2:      layout_loops_corners, moated_statue, minmay_tetromino_s2
D:3:      layout_loops_ring, nicolae_elyvilon_peaceful_grove,
          gammafunk_temple_overflow_arena
D:4:      layout_loops_ring, gammafunk_ghost_arena,
          cheibrodos_sewer_entry_sluice, bh_walls_and_bars
D:5:      minmay_thinvault, layout_basic, minmay_temple_entry_slanted,
          gammafunk_ghost_abyssal_escape
D:6:      layout_loops_ring, mainiacjoe_overflow_tiny_flanked,
          columned_hall_lemuel, minmay_manual_macuahuitl
D:7:      layout_loops_cross, serial_shops, shop
D:8:      layout_loops_ring, mainiacjoe_overflow_catwalk, serial_shops,
          kennysheep_mini, nicolae_shop_waterfront, uniq_gastronok
D:9:      layout_roguey, minitemple, mainiacjoe_overflow_boulevard
D:10:     lemuel_castle_with_subvaults [lemuel_castle_interior_carwin_1],
          layout_irregular_city, overflow_temple_1_default, david_orc_4,
          chequers_serial_rivers_room_b, uniq_psyche

Skill      XL: |  1  2  3  4  5  6  7  8  9 10 11 12 |
---------------+-------------------------------------+-----
Axes           | 4 5 6 7 9 10 12 14 16 | 16.0
Fighting       | 4 5 6 7 8 10 | 10.0
Throwing       | 1 2 |  2.1
Armour         | 3 7 9 |  9.0
Dodging        | 3 4 |  4.0
Shields        | 8 10 11 | 11.1

Action                   |  1- 3 |  4- 6 |  7- 9 | 10-12 || total
-------------------------+-------+-------+-------+-------++-------
Melee: Hand axe          |    72 |    75 |   115 |       ||   262
       Headbutt          |    10 |    10 |    31 |    66 ||   117
       Punch             |     1 |     1 |     1 |       ||     3
       War axe           |       |       |    51 |   332 ||   383
Throw: Boomerang         |       |    38 |    51 |    42 ||   131
Invok: Berserk           |     2 |     3 |     9 |    11 ||    25
       Trog's Hand       |       |       |       |     2 ||     2
  Use: Scroll            |     6 |     7 |    11 |     4 ||    28
       Potion            |     1 |     3 |     1 |     4 ||     9
Armor: Animal skin       |     2 |       |       |       ||     2
       Ring mail         |    16 |    15 |       |       ||    31
       Scale mail        |       |    16 |    31 |       ||    47
       Chain mail        |       |       |    10 |     4 ||    14
       Plate armour      |       |       |       |   187 ||   187
Dodge: Dodged            |    34 |    29 |    39 |    82 ||   184
Block: Kite shield       |       |       |    21 |   176 ||   197

Table legend:
 A = Non-vault XP
 B = Vault XP
 C = Vault XP percentage of total XP
 D = Non-vault monster count
 E = Vault monster count
 F = Vault count percentage of total count
                 A         B        C        D         E       F
            +---------+---------+-------+---------+---------+-------
      Total |   12589 |   10192 |  44.7 |     179 |      92 |  33.9
            +---------+---------+-------+---------+---------+-------
        D:1 |      22 |       0 |   0.0 |      14 |       0 |   0.0
        D:2 |      38 |       4 |   9.5 |      17 |       2 |  10.5
        D:3 |     130 |       0 |   0.0 |      21 |       0 |   0.0
        D:4 |     286 |       7 |   2.4 |      21 |       2 |   8.7
        D:5 |     288 |     841 |  74.5 |       5 |      18 |  78.3
        D:6 |     556 |     466 |  45.6 |      14 |       4 |  22.2
        D:7 |    1384 |       0 |   0.0 |      29 |       0 |   0.0
        D:8 |    1668 |    1466 |  46.8 |       9 |       1 |  10.0
        D:9 |    2638 |     352 |  11.8 |      20 |       1 |   4.8
       D:10 |    2201 |    6917 |  75.9 |      17 |      59 |  77.6
    Abyss:1 |    3378 |       0 |   0.0 |      12 |       0 |   0.0
      Sewer |       0 |     139 | 100.0 |       0 |       5 | 100.0
            +---------+---------+-------+---------+---------+-------
